 Dungeon Crawl Stone Soup version 0.27-a0-1228-gfd60fd639a (webtiles) character file.

Game seed: 8337818501706272601

58 pokeman the Magician (level 3, -1/20 HPs)
             Began as a Deep Elf Hedge Wizard on June 7, 2021.
             Slain by an adder (2 damage)
             ... on level 2 of the Dungeon.
             The game lasted 00:02:03 (1556 turns).

pokeman the Magician (Deep Elf Hedge Wizard)        Turns: 1556, Time: 00:02:04

Health: -1/20      AC:  2    Str:  7    XL:     3   Next: 76%
Magic:  1/11       EV: 12    Int: 19    God:
Gold:   82         SH:  0    Dex: 14    Spells: 1/12 levels left

rFire    . . .     SeeInvis .   k - +1 rapier (speed)
rCold    . . .     Faith    .   (no shield)
rNeg     . . .     Spirit   .   b - +0 robe
rPois    .         Reflect  .   c - +0 hat
rElec    .         Harm     .   (no cloak)
rCorr    .         Rampage  .   (no gloves)
Will     .....                  (no boots)
Stlth    ++........             (no amulet)
HPRegen  0.06/turn              (no ring)
MPRegen  0.12/turn              (no ring)

@: no status effects
A: no striking features
a: no special abilities


You were on level 2 of the Dungeon.
You visited 1 branch of the dungeon, and saw 2 of its levels.

You collected 82 gold pieces.

Inventory:

Hand Weapons
 k - a +1 rapier of speed (weapon)
Armour
 b - a +0 robe (worn)
 c - a +0 hat (worn)
 j - a +0 cloak
Scrolls
 a - a scroll of teleportation {unknown}
 f - a scroll of blinking {unknown}
 h - a scroll of enchant armour {unknown}
 i - a scroll of magic mapping {unknown}
 l - a scroll of enchant weapon {unknown}
 n - 2 scrolls of amnesia {unknown}
 o - a scroll of identify {unknown}
 p - a scroll of fog {unknown}
Potions
 d - a potion of attraction {unknown}
 e - a potion of degeneration {unknown}
 g - 2 potions of magic {unknown}
 m - a potion of might {unknown}


   Skills:
 + Level 1.0 Fighting
 - Level 1.0 Armour
 + Level 2.5 Dodging
 - Level 2.4 Stealth
 * Level 5.4 Spellcasting
 + Level 2.0 Conjurations
 - Level 1.1 Summonings
 - Level 1.1 Translocations


You had one spell level left.
You knew the following spells:

 Your Spells              Type           Power      Damage    Failure   Level
a - Magic Dart            Conj           48%        1d5       5%          1
b - Mephitic Cloud        Conj/Pois/Air  7%         N/A       26%         3
c - Call Imp              Summ           9%         N/A       12%         2
d - Blink                 Tloc           N/A        N/A       12%         2
e - Conjure Flame         Conj/Fire      8%         6-21      24%         3

Your spell library contained the following spells:

 Spells                   Type           Power      Damage    Failure   Level
 Slow                     Hex            5%         N/A       19%         2


Dungeon Overview and Level Annotations

Branches:
Dungeon (2/15)

Altars:


Message History

The adder is severely wounded.
The adder is engulfed in noxious fumes.
The adder appears confused.
The adder barely misses you.
You barely miss the adder.
The adder is almost dead.
The adder is engulfed in noxious fumes.
The adder appears confused.
You hit the adder.
The adder is lightly wounded.
The adder closely misses the adder.
You barely miss the adder.
The adder is lightly wounded.
The adder bites you but does no damage.
Casting: Mephitic Cloud (potentially lethal; 28% risk of failure)
Confirm with . or Enter, or press ? or * to list all spells.
Aiming: Magic Dart (safe; 5% risk of failure)
Press: ? - help, Shift-Dir - straight line, f/p - adder
Aim: an adder (almost dead, confused, ally target, 100% to hit)
The magic dart hits the adder.
The adder is lightly wounded.
The adder bites you but does no damage.
Your magical contamination has completely faded away.
You hit the adder.
You kill the adder!
The adder bites you.
* * * LOW HITPOINT WARNING * * *
Your Fighting skill increases to level 1!
Your Conjurations skill increases to level 2!
Unknown command.
Casting: Magic Dart (safe; 5% risk of failure)
Confirm with . or Enter, or press ? or * to list all spells.
A metallic apparition takes form in the air.
The adder barely misses you.
Your crimson imp blinks!
The adder bites you.
* * * LOW HITPOINT WARNING * * *
Unknown command.
Your crimson imp blinks!
An endoplasm comes into view.
Your iron imp misses the adder.
The adder bites you.
You die...

. .. ######### ...
##.5.#...## ....
##.........## .....
###†.....§....#
.......#...S@........#
.......J.#.§5........#
.......####.........##
...... ####.......##
.....####.....#.#### ### #
..............#.######.# .#
######...)...#.##.....#
.######.....#..........#...#
.#........................##


You could see an adder (ally target), an endoplasm, a friendly iron imp
(summoned) and a friendly crimson imp (summoned).

Vanquished Creatures
  3 adders (D:2)
  2 worms (D:2)
  4 ball pythons
  2 giant cockroaches (D:2)
  3 goblins
  A hobgoblin (D:1)
  2 jackals (D:2)
  A quokka (D:1)
  3 bats
  A frilled lizard (D:1)
  2 kobolds (D:2)
  3 rats
27 creatures vanquished.

Notes
Turn   | Place    | Note
-------+----------+-------------------------------------------
     0 | D:1      | pokeman the Deep Elf Hedge Wizard began the quest for the
                  | Orb.
     0 | D:1      | Reached XP level 1. HP: 10/10 MP: 7/7
   653 | D:1      | Reached XP level 2. HP: 16/16 MP: 7/9
  1077 | D:2      | Reached skill level 5 in Spellcasting
  1080 | D:2      | Reached XP level 3. HP: 20/20 MP: 3/11
  1084 | D:2      | Learned a level 3 spell: Mephitic Cloud
  1087 | D:2      | Learned a level 2 spell: Call Imp
  1090 | D:2      | Learned a level 2 spell: Blink
  1094 | D:2      | Learned a level 3 spell: Conjure Flame
  1363 | D:2      | Reached skill level 1 in Armour
  1554 | D:2      | Reached skill level 1 in Fighting
  1555 | D:2      | HP: 1/20 [adder (3)]
  1556 | D:2      | Slain by an adder

Illustrated notes

Levels and vault maps discovered:
D:1:      minmay_arrival_cross, layout_basic
D:2:      layout_rooms, kennysheep_path_1, minmay_misc_feat_diagonals,
          minmay_close_crescents

Skill      XL: |  1  2  3 |
---------------+----------+-----
Spellcasting   | 5 |  5.4
Armour         | 1 |  1.0
Fighting       | 1 |  1.0
Conjurations   | 2 |  2.0
Dodging        | |  2.5
Stealth        | |  2.4
Summonings     | |  1.1
Translocations | |  1.1

Action                   || total
-------------------------++-------
Melee: Rapier            ||    19
 Cast: Magic Dart        ||    65
       Call Imp          ||     2
       Mephitic Cloud    ||     1
 Stab: Sleeping          ||     1
Armor: Robe              ||     5
Dodge: Dodged            ||    17

Table legend: (Time is in decaauts)
 A = Elapsed time spent in this place.
 B = Non-inter-level travel time spent in this place.
 C = Inter-level travel time spent in this place.
 D = Time resting spent in this place.
 E = Time spent auto-exploring this place.
 F = Levels seen in this place.
 G = Mean time per level.
                   A        B        C        D        E       F      G
               +--------+--------+--------+--------+--------+-----+--------+
         Total |   1551 |   1518 |     33 |     48 |   1305 |   2 |  775.5 |
       Dungeon |   1551 |   1518 |     33 |     48 |   1305 |   2 |  775.5 |
               +--------+--------+--------+--------+--------+-----+--------+

Top non-repeatable levels by time:
     D:1: 915 daAuts
     D:2: 636 daAuts
